AoeStats
← LRNI_altoguiso

MegaRandom

510405100Analyzed
3v3 RM · 16h ago on Sep 30, 2026· 35m 6s· 6 players
Game mode
Random Map
Map size
Normal (6 player)
Population
200
Speed
Normal
Resources
Standard
Victory
Conquest
Starting age
Dark Age
Ending age
Imperial Age
RankedLock teamsTeams togetherTeam positionsShared explorationLock speedFull tech treeHidden civsTurbo modeCheats
Victory
Defeat
🇦🇷 Bulgarians · Argentina
1432
+7
🇺🇾 Shu · Uruguay
1135
+18
🇨🇦 Persians · Canada
775
+29
🇧🇷 Huns · Brazil
1174
-18
🇺🇸 Britons · United States
1173
-18
🇫🇷 Portuguese · France
1166
-18
Monkey King
5:54 Loom
11:37 Feudal Age
18:42 Fletching
20:20 Double-Bit Axe
28:00 Castle Age
27:37 Horse Collar
28:56 Gold Mining
29:34 Bow Saw
29:45 Bodkin Arrow
29:16 Crossbowman
30:58 Padded Archer Armor
32:43 Wheelbarrow
34:58 Ballistics
Bambambam
8:55 Loom
11:27 Feudal Age
15:58 Castle Age
14:31 Stone Mining
16:37 Double-Bit Axe
17:42 Bow Saw
24:22 Wheelbarrow
31:26 Imperial Age
GOOLFYZERA
4:17 Loom
12:20 Feudal Age
17:36 Castle Age
17:38 Stone Mining
17:39 Double-Bit Axe
17:38 Horse Collar
18:51 Bow Saw
21:43 Bloodlines
22:06 Scale Barding Armor
24:50 Wheelbarrow
27:17 Heavy Plow
28:15 Chain Barding Armor
28:11 Forging
30:35 Iron Casting
30:25 Hand Cart
LRNI Michel
4:23 Loom
11:39 Feudal Age
12:44 Double-Bit Axe
14:38 Horse Collar
15:42 Forging
15:26 Fletching
19:38 Wheelbarrow
23:37 Castle Age
23:10 Padded Archer Armor
23:44 Forging
23:40 Crossbowman
24:26 Thumb Ring
25:22 Bodkin Arrow
28:47 Town Watch
32:25 Thumb Ring
34:38 Leather Archer Armor
LRNI_LioonN
0:52 Loom
12:46 Feudal Age
15:28 Fletching
16:59 Double-Bit Axe
19:18 Wheelbarrow
20:01 Scale Barding Armor
21:20 Horse Collar
26:49 Castle Age
25:21 Gold Mining
27:21 Husbandry
29:33 Chain Barding Armor
30:31 Scale Mail Armor
30:50 Heavy Plow
32:16 Hand Cart
32:19 Crossbowman
33:24 Forging
LRNI_altoguiso
7:37 Loom
10:20 Feudal Age
14:57 Fletching
23:11 Castle Age
22:17 Forging
22:49 Bloodlines
22:58 Double-Bit Axe
22:54 Horse Collar
23:27 Scale Mail Armor
24:32 Iron Casting
24:32 Gold Mining
25:46 Scale Barding Armor
31:27 Chain Barding Armor
31:39 Bodkin Arrow
32:40 Husbandry
Connection lost

Rejoining the realm…

Still unreachable

The connection could not be restored.

Session expired

The server has moved on; the page needs a fresh start.